 Dungeon Crawl Stone Soup version 0.28-a0-1412-gf95308ed99 (webtiles) character file.

Game seed: 10885440963981856905

10027 snetch the Ripper (level 11, -17/48 HPs)
             Began as a Felid Berserker on Jan 6, 2022.
             Was a High Priest of Trog.
             Demolished by Rupert (24 damage)
             ... on level 12 of the Dungeon.
             The game lasted 00:44:32 (11882 turns).

snetch the Ripper (Felid Berserker)                Turns: 11882, Time: 00:44:33

Health: -17/48     AC:  2    Str: 13    XL:     11   Next: 30%
Magic:  12/12      EV: 31    Int:  8    God:    Trog [*****.]
Gold:   1120       SH:  0    Dex: 27    Spells: 10/10 levels left
                                        Lives:  0   Deaths: 3

rFire   . . .      SeeInvis +     - Unarmed
rCold   . . .      Faith    .   (shield unavailable)
rNeg    . . .      Spirit   .   (armour unavailable)
rPois   .          Reflect  .   (helmet unavailable)
rElec   .          Harm     .   (cloak unavailable)
rCorr   .          Rampage  .   (gloves unavailable)
Will    +....                   (boots unavailable)
Stlth   ++++++....              w - amulet of regeneration
HPRegen 0.96/turn               m - +6 ring of dexterity
MPRegen 0.13/turn               r - ring of flight

@: about to teleport, flying, quick
A: very small, claws 1, fangs 3, see invisible, speed 1, shaggy fur 2, stealthy
paws, no weapons or thrown items, no armour, multi-lived
a: Renounce Religion, Berserk, Trog's Hand, Brothers in Arms


You were on level 12 of the Dungeon.
You worshipped Trog.
Trog was extremely pleased with you.
You visited 2 branches of the dungeon, and saw 14 of its levels.
You also visited: Ossuary.

You collected 1257 gold pieces.
You spent 137 gold pieces at shops.

Inventory:

Missiles
 b - 475 stones
Jewellery
 m - a +6 ring of dexterity (left paw)
 r - a ring of flight (right paw)
 w - an amulet of regeneration (around neck)
Wands
 g - a wand of paralysis (8)
 y - a wand of flame (26) (quivered)
 E - a wand of iceblast (7)
 H - a wand of mindburst (7)
 I - a wand of acid (4)
Scrolls
 d - a scroll of holy word
 f - 4 scrolls of enchant armour {unknown}
 i - 6 scrolls of blinking
 j - 2 scrolls of fear {unknown}
 k - 6 scrolls of teleportation
 l - a scroll of torment
 n - 4 scrolls of noise {unknown}
 s - 4 scrolls of immolation {unknown}
 x - 3 scrolls of amnesia {unknown}
 z - a scroll of vulnerability
 B - a scroll of silence {unknown}
 F - 2 scrolls of fog {unknown}
 J - a scroll of identify
Potions
 a - 3 potions of magic {unknown}
 c - 2 potions of heal wounds {unknown}
 e - 4 potions of brilliance {unknown}
 h - 5 potions of ambrosia {unknown}
 o - 3 potions of degeneration {unknown}
 p - a potion of mutation
 q - 4 potions of curing {unknown}
 t - 2 potions of might {unknown}
 u - a potion of resistance
 v - a potion of attraction
 A - 4 potions of invisibility {unknown}
 C - a potion of cancellation
 D - a potion of lignification
Miscellaneous
 G - a box of beasts (inert)


   Skills:
 + Level 5.6 Fighting
 + Level 12.1 Dodging
 + Level 11.6 Stealth
 + Level 15.9 Unarmed Combat
 + Level 0.9 Evocations


You had 10 spell levels left.
You didn't know any spells.
Your spell library contained the following spells:

 Spells                   Type           Power      Damage    Failure   Level
 Freeze                   Ice            0%         1d3       41%         1
 Sublimation of Blood     Necr           0%         N/A       54%         2
 Conjure Flame            Conj/Fire      0%         6-21      78%         3
 Frozen Ramparts          Ice            0%         1d2       78%         3
 Ignite Poison            Fire/Tmut/Pois 0%         N/A       78%         3
 Hailstorm                Conj/Ice       0%         3d3       99%         4
 Petrify                  Tmut/Erth      0%         N/A       99%         4
 Sticky Flame             Conj/Fire      0%         2d3       99%         4
 Summon Lightning Spire   Summ/Air       0%         N/A       99%         4
 Irradiate                Conj/Tmut      0%         3d14      100%        5
 Storm Form               Tmut/Air       0%         N/A       100%        7
 Maxwell's Capacitive Co  Air            0%         ∞         100%        8
 Summon Horrible Things   Summ           0%         N/A       100%        8
 Animate Armour           Summ/Erth      Unusable   N/A       N/A         4

Dungeon Overview and Level Annotations

Branches:
Dungeon (13/15) Temple (1/1) D:7 Lair (0/6) D:9 Orc (0/2) D:10 Vaults (0/5) D:12 D:13 Ossuary (visited)

Altars:
Ashenzari
Cheibriados
Dithmenos
Elyvilon
Fedhas
Gozag
Hepliaklqana
Kikubaaqudgha
Makhleb
Nemelex Xobeh
Okawaru
Qazlal
Ru
Sif Muna
Trog
Uskayaw
Vehumet
Wu Jian
Xom
Yredelemnul
Zin
The Shining One

Shops:
D:4 *   D:8 *

Annotations:
D:1 eels behind stone
D:12 Rupert


Innate Abilities, Weirdness & Mutations

You have sharp claws.
You have razor-sharp teeth.
You have supernaturally acute eyesight. (SInv)
You cover ground quickly. (Speed+)
You are covered in thick fur. (AC +2)
Your paws help you pounce on unaware monsters.
You are incapable of wielding weapons or throwing items.
You cannot wear armour.
You gain extra lives every three experience levels.


Message History

The human completely misses you.
You claw the human! You bite the human.
The human is heavily wounded.
The human misses you.
You scratch the human.
The human is heavily wounded.
You mangle the human!!
You kill the human!
Trog accepts your kill.
There is a stone staircase leading down, spattered with blood here.
You see here a human skeleton.
Things that are here:
a +0 troll leather armour; a troll skeleton
s - 4 scrolls labelled HOSONA IGUXYRY (gained 1) Rupert shouts!
Aiming: Throw Flame
Press: ? - help, Shift-Dir - straight line, f - Rupert
Aim: Rupert, wielding a +2 vorpal battleaxe and wearing a +0 leather armour (68% to hit)
Your target is gone.
Okay, then.
Unknown command.
The puff of flame hits Rupert.
Rupert is lightly wounded.
The puff of flame misses Rupert.
The puff of flame hits Rupert.
Rupert is lightly wounded.
The puff of flame hits Rupert.
Rupert is lightly wounded.
The puff of flame misses Rupert.
Rupert looks confused.
Rupert roars madly and goes into a rage!
Rupert goes berserk!
Rupert hits you with a +2 vorpal battleaxe!!!
Ouch! That really hurt!
* * * LOW HITPOINT WARNING * * *
x2
As you read the scroll of teleportation, it crumbles to dust.
You feel strangely unstable.
Rupert hits you with a +2 vorpal battleaxe!!
Ouch! That really hurt!
You die...

##............# #...
##....##......... #..##
#...#. #.........###..#.
##..# ..................
#..#$..................
#..######...........|..
##...## ................
###.....##................
##.......#@.....#..........
##.....#..@......#..........
#......#................)...
#.............##............
##.#.........###............
#.#...................#....
##............. ......###..
##..........## #.....# ##.
#.#........# ####...####


You could see Rupert (berserk).

Vanquished Creatures
  An ogre mage (D:10)
  3 two-headed ogres
  A deep elf zephyrmancer (D:12)
  2 cyclopes
  An unseen horror (D:10)
  A kobold demonologist (D:11)
  A komodo dragon (D:12)
  3 trolls
  A wind drake (shapeshifter) (D:12)
  A meliai zombie (D:10)
  4 shadows
  2 wyverns
  A centaur simulacrum (D:10)
  10 yaks
  16 humans (D:12)
  2 wraiths
  A steam dragon (D:8)
  15 two-headed ogre zombies (D:10)
  2 water moccasins (D:7)
  Edmund (D:5)
  Duvessa (D:6)
  4 orc warriors
  A black bear (D:7)
  2 necrophages (D:6)
  2 ogres
  2 sky beasts (D:7)
  A black bear (shapeshifter) (D:11)
  A phantom (D:4)
  5 centaurs
  4 kobold brigands
  3 bullfrogs
  4 gnoll sergeants
  3 scorpions
  A water moccasin zombie (D:5)
  A water moccasin skeleton (D:5)
  Dowan (D:6)
  4 killer bees
  9 wights
  2 howler monkeys (D:8)
  8 centaur zombies
  A human zombie (Ossuary)
  2 jellies
  3 hounds
  A bullfrog skeleton (D:7)
  8 orc priests
  3 centaur skeletons
  3 iguanas
  A scorpion zombie (D:5)
  A hell rat (D:7)
  9 orc wizards
  7 ogre zombies (D:10)
  2 hound skeletons
  2 mummies (Ossuary)
  5 howler monkey zombies
  13 gnolls
  3 adders
  6 river rats (D:7)
  3 worms
  A worm zombie (D:7)
  4 dart slugs
  23 orcs
  7 endoplasms
  8 giant cockroaches (D:2)
  6 gnoll zombies
  4 goblins
  3 hobgoblins (D:1)
  18 kobolds
  11 quokkas
  5 ball pythons
  3 bats
  2 frilled lizards
  2 goblin skeletons (D:10)
  4 goblin zombies
  4 hobgoblin skeletons (D:10)
  6 hobgoblin zombies
  2 orc skeletons (D:10)
  12 orc zombies
  17 rats
343 creatures vanquished.

Vanquished Creatures (collateral kills)
  A two-headed ogre (D:12)
1 creature vanquished.

Vanquished Creatures (others)
  A wizard (D:3)
  An orc wizard (D:10)
2 creatures vanquished.

Grand Total: 346 creatures vanquished

Notes
Turn   | Place    | Note
-------+----------+-------------------------------------------
     0 | D:1      | snetch the Felid Berserker began the quest for the Orb.
     0 | D:1      | Reached XP level 1. HP: 10/10 MP: 2/2
     3 | D:1      | Noticed an electric eel
     4 | D:1      | Noticed an electric eel
   163 | D:1      | Reached XP level 2. HP: 8/14 MP: 3/3
   364 | D:1      | Found a faded altar of an unknown god.
   925 | D:1      | Reached ** piety under Trog
  1053 | D:3      | Reached XP level 3. HP: 9/18 MP: 4/4
  1579 | D:3      | Found a bloodstained altar of Trog.
  1580 | D:3      | Noticed a wizard
  1586 | D:3      | Killed a wizard
  1650 | D:2      | You fall into a shaft and drop 1 floor!
  2397 | D:3      | Reached skill level 5 in Dodging
  2397 | D:3      | Reached skill level 1 in Stealth
  2397 | D:3      | Reached XP level 4. HP: 16/22 MP: 5/5
  2402 | D:3      | Reached skill level 4 in Unarmed Combat
  3632 | D:4      | Reached XP level 5. HP: 21/25 MP: 6/6
  3730 | D:5      | Entered Level 5 of the Dungeon
  3745 | D:4      | Found a faded altar of an unknown god.
  3745 | D:4      | Found a hide-covered altar of Uskayaw.
  3745 | D:4      | Found an ornate altar of the Wu Jian Council.
  3747 | D:4      | Found a hazy altar of Hepliaklqana.
  3767 | D:4      | Found a faded altar of an unknown god.
  3800 | D:4      | Noticed a phantom
  3833 | D:5      | Noticed a centaur
  3861 | D:4      | Noticed a centaur
  3872 | D:4      | Killed a phantom
  3873 | D:4      | Reached skill level 5 in Unarmed Combat
  3974 | D:4      | Found Guxirr's Gadget Gallery.
  3984 | D:4      | Gained mutation: You are covered in thick fur. (AC +2)
                  | [Felid growth]
  3984 | D:4      | Reached XP level 6. HP: 27/28 MP: 7/7
  4210 | D:4      | Found a large runed translucent door.
  4210 | D:4      | Found a large runed translucent door.
  4211 | D:4      | Found a shimmering altar of Xom.
  4226 | D:4      | Reached skill level 6 in Unarmed Combat
  4238 | D:4      | Reached XP level 7. HP: 31/32 MP: 8/8
  4253 | D:3      | Found a basalt altar of Yredelemnul.
  4423 | D:4      | Reached *** piety under Trog
  4640 | D:4      | Slain by a kobold
  4641 | D:4      | Reached XP level 6. HP: 0/28 MP: 7/7
  4776 | D:5      | Found a stormy altar of Qazlal.
  4817 | D:5      | Noticed Edmund
  4827 | D:5      | Killed Edmund
  4828 | D:5      | Reached skill level 5 in Stealth
  4855 | D:5      | Reached skill level 7 in Unarmed Combat
  4855 | D:5      | Reached XP level 7. HP: 16/32 MP: 8/8
  5132 | D:5      | Found a broken altar of Ashenzari.
  5534 | D:7      | Reached skill level 8 in Unarmed Combat
  5534 | D:7      | Reached XP level 8. HP: 36/36 MP: 9/9
  5644 | D:7      | Found a burning altar of Makhleb.
  5666 | D:7      | Slain by a wight
  5667 | D:7      | Reached XP level 7. HP: -1/45 MP: 8/8
  5759 | D:7      | Found an opulent altar of Gozag.
  5767 | D:7      | Found a sand-covered staircase.
  5777 | Ossuary  | Entered an ossuary
  5842 | Ossuary  | Reached skill level 9 in Unarmed Combat
  5992 | D:6      | Reached XP level 8. HP: 25/36 MP: 9/9
  6042 | D:6      | Found a glowing golden altar of the Shining One.
  6133 | D:6      | Noticed Dowan
  6134 | D:6      | Noticed Duvessa
  6150 | D:6      | Killed Dowan
  6155 | D:6      | Killed Duvessa
  6716 | D:7      | Reached **** piety under Trog
  6759 | D:7      | Reached skill level 10 in Unarmed Combat
  6991 | D:7      | Found a staircase to the Ecumenical Temple.
  6998 | D:7      | Reached XP level 9. HP: 39/39 MP: 10/10
  7020 | Temple   | Entered the Ecumenical Temple
  7515 | D:7      | Reached skill level 11 in Unarmed Combat
  7764 | D:8      | Noticed a two-headed ogre
  7771 | D:8      | Killed a two-headed ogre
  8013 | D:8      | Found Duxkig's Assorted Antiques.
  8023 | D:8      | Bought a wand of flame (3) for 28 gold pieces
  8023 | D:8      | Bought a scroll labelled BEFOTIOLUC for 28 gold pieces
  8023 | D:8      | Bought a scroll labelled HOSONA IGUXYRY for 28 gold pieces
  8023 | D:8      | Bought a scroll labelled VISU TOIZU for 28 gold pieces
  8023 | D:8      | Bought a cyan potion for 25 gold pieces
  8247 | D:9      | Found a radiant altar of Vehumet.
  8280 | D:9      | Noticed a two-headed ogre
  8286 | D:9      | Killed a two-headed ogre
  8287 | D:9      | Reached skill level 12 in Unarmed Combat
  8287 | D:9      | Reached XP level 10. HP: 43/43 MP: 11/11
  8439 | D:9      | Found a staircase to the Lair.
  8578 | D:9      | Reached skill level 10 in Stealth
  8632 | D:10     | Entered Level 10 of the Dungeon
  8982 | D:10     | Identified the +1 robe of the Cicada {rElec Str+3 Dex+6}
  9028 | D:10     | Found a staircase to the Orcish Mines.
  9093 | D:10     | Reached skill level 13 in Unarmed Combat
  9122 | D:10     | Reached ***** piety under Trog
  9326 | D:10     | Reached skill level 10 in Dodging
  9467 | D:11     | Noticed a cyclops
  9499 | D:10     | Killed a cyclops
  9500 | D:10     | Reached skill level 5 in Fighting
  9500 | D:10     | Reached XP level 11. HP: 10/47 MP: 12/12
 10060 | D:10     | Reached skill level 14 in Unarmed Combat
 10282 | D:10     | Noticed an ogre mage
 10405 | D:10     | Killed an ogre mage
 10465 | D:10     | Identified the +3 demon trident "Cat's Doom" {vamp, rElec
                  | Int+4}
 10554 | D:10     | Found an iron altar of Okawaru.
 10860 | D:11     | Reached skill level 15 in Unarmed Combat
 11019 | D:12     | Noticed a two-headed ogre
 11032 | D:12     | HP: 1/48 [two-headed ogre (4)]
 11033 | D:12     | Killed a two-headed ogre
 11376 | D:13     | Noticed Rupert
 11376 | D:13     | Noticed an orc knight
 11376 | D:13     | Noticed a centaur warrior
 11376 | D:13     | Found a gate to the Vaults.
 11449 | D:12     | Annihilated by Rupert
 11450 | D:12     | Reached XP level 10. HP: -27/66 MP: 11/11
 11474 | D:12     | Noticed a deep elf zephyrmancer
 11482 | D:12     | Killed a deep elf zephyrmancer
 11483 | D:12     | Reached XP level 11. HP: 48/48 MP: 12/12
 11562 | D:12     | Noticed a two-headed ogre
 11580 | D:12     | Killed a two-headed ogre
 11668 | D:12     | Got the Reference Book on Earth and the Entourage
 11882 | D:12     | Demolished by Rupert

Illustrated notes

Levels and vault maps discovered:
D:1:      arrival_aquarium_b, layout_loops_ring, nicolae_ecumenical_lake_church,
          nicolae_figureground_sparkle
D:2:      minmay_roachtagon, layout_basic
D:3:      layout_basic, trog_wizard, nicolae_overflow_hidden_temple,
          minmay_unequal
D:4:      due_chaos_kobolds, layout_loops_cross,
          chequers_temple_overflow_minitemple, nicolae_shop_gadgets
D:5:      layout_rooms, nicolae_qazlal_general_emergency,
          nicolae_ashenzari_skybound, nrook_campfire, uniq_edmund
D:6:      layout_loops_corners, lemuel_round_altar, uniq_duvessa
D:7:      lemuel_ratsnest, layout_gridville, kennysheep_mini_moat,
          old_standard_altar, minmay_temple_entry_grid, enter_ossuary_3
D:8:      layout_basic, serial_shops, nicolae_lakefront_shop
D:9:      layout_loops_cross, lemuel_round_altar, dpeg_oklobed_lair,
          minivault_23, minmay_fractal_squares_5
D:10:     lemuel_ogre_cave, layout_long_grid, general_overflow_altar,
          zombieorc2_lemuel, patterned_corridor
D:11:     layout_rooms
D:12:     layout_cave_pools, special_room [special_room_bee], wad_mini_maze
D:13:     layout_grid_maze, david_vaults_3, minmay_crystal_room
Temple:   compressed_dpeg_circular_temple

Skill      XL: |  1  2  3  4  5  6  7  8  9 10 11 |
---------------+----------------------------------+-----
Dodging        | 5 6 8 9 10 12 | 12.1
Stealth        | 1 2 5 6 7 9 10 11 | 11.6
Unarmed Combat | 4 5 7 9 10 12 13 15 | 15.9
Fighting       | 4 5 |  5.6
Evocations     | |  0.9

Action                   |  1- 3 |  4- 6 |  7- 9 | 10-12 || total
-------------------------+-------+-------+-------+-------++-------
Melee: Unarmed           |    79 |   106 |   375 |   552 ||  1112
       Bite              |     6 |    10 |    53 |    97 ||   166
       Punch             |       |     6 |    28 |    68 ||   102
Invok: Berserk           |     2 |     1 |    12 |    11 ||    26
       Trog's Hand       |       |     1 |       |     3 ||     4
Evoke: Wand              |       |       |       |     5 ||     5
       Box of beasts     |       |       |       |     1 ||     1
  Use: Scroll            |       |       |     6 |     6 ||    12
       Potion            |       |       |       |     1 ||     1
 Stab: Sleeping          |     3 |     8 |    19 |     8 ||    38
       Distracted        |       |       |       |     3 ||     3
Armor: Skin              |     5 |     5 |    22 |    17 ||    49
Dodge: Dodged            |    59 |    65 |   354 |   563 ||  1041

Table legend: (Time is in decaauts)
 A = Elapsed time spent in this place.
 B = Non-inter-level travel time spent in this place.
 C = Inter-level travel time spent in this place.
 D = Time resting spent in this place.
 E = Time spent auto-exploring this place.
 F = Levels seen in this place.
 G = Mean time per level.
                   A        B        C        D        E       F      G
               +--------+--------+--------+--------+--------+-----+--------+
         Total |  10241 |   9710 |    531 |    516 |   6082 |  15 |  682.7 |
       Dungeon |  10020 |   9506 |    514 |    516 |   5977 |  13 |  770.8 |
        Temple |     87 |     71 |     16 |      0 |     51 |   1 |   87.0 |
       Ossuary |    134 |    134 |      0 |      0 |     54 |   1 |  134.0 |
               +--------+--------+--------+--------+--------+-----+--------+

Top non-repeatable levels by time:
    D:10: 1403 daAuts
     D:1: 1274 daAuts
     D:7: 977 daAuts
     D:2: 965 daAuts
     D:3: 920 daAuts
     D:4: 901 daAuts
     D:6: 766 daAuts
     D:9: 668 daAuts
    D:12: 580 daAuts
     D:5: 559 daAuts
    D:11: 508 daAuts
     D:8: 483 daAuts
 Ossuary: 134 daAuts
  Temple: 87 daAuts
    D:13: 11 daAuts
